 Dungeon Crawl Stone Soup version 0.30-a0-715-gdb4ae3ece1 (webtiles) character file.

Game seed: 6573940855617148384

2 inmateoo the Changer (level 1, 0/13 HPs)
             Began as a Demonspawn Wanderer on Jan 24, 2023.
             Slain by a kobold
             ... wielding a +0 short sword
              (1 damage)
             ... on level 1 of the Dungeon.
             The game lasted 00:00:14 (176 turns).

inmateoo the Changer (Demonspawn Wanderer)           Turns: 176, Time: 00:00:15

Health: 0/13       AC:  3    Str: 15    XL:     1   Next: 33%
Magic:  3/3        EV: 11    Int: 12    God:
Gold:   27         SH:  0    Dex: 10    Spells: 3/4 levels left

rFire   . . .      SeeInvis .    (no weapon)
rCold   . . .      Faith    .    (no shield)
rNeg    . . .      Spirit   .    d - +0 leather armour
rPois   .          Reflect  .    (no helmet)
rElec   .          Harm     .    (no cloak)
rCorr   .          Rampage  .    (no gloves)
Will    .....                    (no boots)
Stlth   +                        (no amulet)
HPRegen 0.22/turn                (no ring)
MPRegen 0.08/turn                (no ring)

@: no status effects
A: no striking features
a: no special abilities


You were on level 1 of the Dungeon.
You visited 1 branch of the dungeon, and saw 1 of its levels.

You collected 27 gold pieces.

Inventory:

Hand Weapons
 a - a +0 dagger
Missiles
 b - 9 poisoned darts (quivered)
Armour
 d - a +0 leather armour (worn)
Potions
 c - a potion of haste
 e - a potion of might {unknown}


   Skills:
 + Level 0.2 Fighting
 - Level 1.0 Throwing
 - Level 1.0 Armour
 - Level 1.0 Dodging
 * Level 0.4 Unarmed Combat
 - Level 2.0 Spellcasting
 - Level 2.6 Transmutations
 - Level 2.0 Evocations


You had 3 spell levels left.
You knew the following spells:

 Your Spells              Type           Power      Damage    Failure   Level
a - Sting                 Tmut/Pois      16%        1d3       19%         1

Your spell library contained the following spells:

 Spells                   Type           Power      Damage    Failure   Level
 Cigotuvi's Dreadful Rot  Necr/Pois/Air  2%         N/A       45%         2
 Sublimation of Blood     Necr           1%         N/A       45%         2
 Spider Form              Tmut/Pois      4%         N/A       50%         3
 Ice Form                 Ice/Tmut       4%         N/A       88%         4


Dungeon Overview and Level Annotations

Branches:
Dungeon (1/15)

Altars:


Message History

The endoplasm is severely wounded.
The endoplasm freezes you.
You are frozen.
You hit the endoplasm.
You kill the endoplasm!
You are too injured to fight recklessly!
You closely miss the kobold. The kobold barely misses you.
You hit the kobold but do no damage. The kobold completely misses you.
You hit the kobold.
The kobold is moderately wounded.
The kobold hits you with a +0 short sword.
You hit the kobold but do no damage.
The kobold is moderately wounded.
You are too injured to fight recklessly!
You completely miss the kobold.
The kobold is moderately wounded.
The kobold closely misses you.
You are too injured to fight recklessly!
You barely miss the kobold.
The kobold is moderately wounded.
The kobold hits you with a +0 short sword.
* * * LOW HITPOINT WARNING * * *
You are too injured to fight recklessly!
You closely miss the kobold.
The kobold is moderately wounded.
The kobold hits you with a +0 short sword.
* * * LOW HITPOINT WARNING * * *
You hit the kobold but do no damage.
The kobold is moderately wounded.
The kobold barely misses you.
You barely miss the kobold.
The kobold is moderately wounded.
The kobold misses you.
Throw: 10 darts (poison)
Press: ? - help, Q - select action, (/) - cycle Shift-Dir - straight line, f - kobold
Aim: a kobold, wielding a +0 short sword (moderately wounded, 45% to hit)
You throw a poisoned dart.
The poisoned dart closely misses the kobold.
The kobold hits you with a +0 short sword.
You die...

#.# #.#
########## #.#
#.######.......>.
#.#
#........########
#.# ##########
#.#
#>##############
#...............
#########..######
(.....K@...#
#########..# #..#
#..# #..# #...
#..## ...


You could see a kobold.

Vanquished Creatures
  An endoplasm (D:1)
  A goblin (D:1)
2 creatures vanquished.

Notes
Turn   | Place    | Note
-------+----------+-------------------------------------------
     0 | D:1      | inmateoo the Demonspawn Wanderer began the quest for the
                  | Orb.
     0 | D:1      | inmateoo set off with the following items: a +0 dagger, 10
                  | poisoned darts, a potion of haste, a +0 leather armour; and
                  | the following spell memorised: Sting; and the following
                  | spells available to memorise: Cigotuvi's Dreadful Rot,
                  | Sublimation of Blood, Spider Form, Ice Form.
     0 | D:1      | Reached XP level 1. HP: 13/13 MP: 3/3
   176 | D:1      | Slain by a kobold

Illustrated notes

Levels and vault maps discovered:
D:1:      nagdon_arrival_zigzag_paths, layout_loops_ring

Action                     || total
---------------------------++-------
  Melee: Unarmed           ||    18
  Throw: Dart              ||     1
 Armour: Leather armour    ||     1
  Dodge: Dodged            ||     8

Table legend: (Time is in decaauts)
 A = Elapsed time spent in this place.
 B = Non-inter-level travel time spent in this place.
 C = Inter-level travel time spent in this place.
 D = Time resting spent in this place.
 E = Time spent auto-exploring this place.
 F = Levels seen in this place.
 G = Mean time per level.
                   A        B        C        D        E       F      G
               +--------+--------+--------+--------+--------+-----+--------+
         Total |    175 |    175 |      0 |      0 |    151 |   1 |  175.0 |
       Dungeon |    175 |    175 |      0 |      0 |    151 |   1 |  175.0 |
               +--------+--------+--------+--------+--------+-----+--------+

Top non-repeatable levels by time:
     D:1: 175 daAuts
